 Dungeon Crawl Stone Soup version 0.18-a0-921-g28655ce (webtiles) character file.

14 4thArraOfDagon the Chucker (level 2, 0/31 HPs)
             Began as an Ogre Hunter on Dec 27, 2015.
             Was an Initiate of Dithmenos.
             Slain by an adder (3 damage)
             ... on level 2 of the Dungeon.
             The game lasted 00:01:57 (337 turns).

4thArraOfDagon the Chucker (Ogre Hunter)             Turns: 337, Time: 00:01:57

Health: 0/31       AC:  3    Str: 16    XL:     2   Next: 41%
Magic:  2/2        EV: 10    Int: 10    God:    Dithmenos [......]
Gold:   43         SH:  0    Dex: 10    Spells: 0 memorised, 1 level left

rFire  . . .     SeeInvis .     h - +0 mace (curse)
rCold  . . .     Gourm    .     b - +0 robe
rNeg   . . .     Faith    .     (no shield)
rPois  .         Spirit   .     (helmet restricted)
rElec  .         Dismiss  .     (no cloak)
rCorr  .         Reflect  .     (gloves unavailable)
SustAt .         Harm     .     (boots unavailable)
MR     .....                    (no amulet)
Stlth  +.........               (no ring)
                                (no ring)

@: lethally poisoned (0 -> -2), not resistant to hostile enchantments, very
unstealthy
A: unfitting armour, tough skin 1
a: Renounce Religion


You were on level 2 of the Dungeon.
You worshipped Dithmenos.
Dithmenos was noncommittal.
You were not hungry.

You visited 1 branch of the dungeon, and saw 3 of its levels.

You collected 43 gold pieces.

Inventory:

Hand Weapons
 h - a cursed +0 mace (weapon)
Armour
 b - a +0 robe (worn)
Wands
 a - a wand of digging (17/24)
Scrolls
 e - a scroll of identify {unknown}
 g - a scroll of blinking {unknown}
 i - a scroll of remove curse {unknown}
 j - a scroll of magic mapping {unknown}
Comestibles
 f - 2 bread rations


   Skills:
 + Level 3.6 Fighting
 * Level 1.3 Maces & Flails
 - Level 4.0 Throwing
 - Level 1.7 Dodging
 - Level 0.7 Stealth


You had one spell level left.
You didn't know any spells.

Dungeon Overview and Level Annotations

Branches:
Dungeon (3/15)

Altars:
Dithmenos

Annotations:
D:1 1 runed door


Innate Abilities, Weirdness & Mutations

You are too large for most types of armour.
You have tough skin (AC +1).


Message History

You closely miss the adder. The adder bites you.
The rat bites you but does no damage. The adder barely misses you.
The rat barely misses you.
You hit the adder but do no damage.
You feel sick. The adder bites you.
* * * LOW HITPOINT WARNING * * *
The adder barely misses you. The rat closely misses you.
You closely miss the adder. The adder completely misses you.
The rat bites you but does no damage. The adder bites you.
* * * LOW HITPOINT WARNING * * *
You barely miss the adder.
You feel sick. The rat bites you but does no damage.
The adder closely misses you. The rat closely misses you.
You sock the adder!
The adder is heavily wounded.
The adder bites you.
* * * LOW HITPOINT WARNING * * *
The adder completely misses you. The rat closely misses you.
You hit the adder but do no damage.
The adder is heavily wounded.
The adder bites you.
You die...

....#...#.........
....#...#........
........#.......#
####....#.......## ........#
####)..# ........# #......#
........###......#
...............r.###
....#.......###S@(.##########
............#.........).....#
..##........#.......#######.#
..##.)......#.....(.# .#
...#................# .#
...................... .#
.....<..............## .#
.......###..........# .#
..................... ##


You could see an adder and a rat.

Vanquished Creatures
  An orc (D:3)
  3 bats
  A hobgoblin (D:2)
  A giant gecko (D:2)
  3 jackals (D:3)
  2 kobolds (D:2)
  A rat (D:2)
12 creatures vanquished.

Notes
Turn   | Place    | Note
--------------------------------------------------------------
     0 | D:1      | 4thArraOfDagon the Ogre Hunter began the quest for the Orb.
     0 | D:1      | Reached XP level 1. HP: 22/22 MP: 1/1
     4 | D:1      | Found a runed door.
    40 | D:3      | Noticed an orc wizard
   115 | D:3      | Reached XP level 2. HP: 14/31 MP: 2/2
   157 | D:3      | Found a shadowy altar of Dithmenos.
   160 | D:3      | Became a worshipper of Dithmenos the Shadowed
   178 | D:2      | Reached skill level 1 in Maces & Flails
   337 | D:2      | Slain by an adder

Vault maps used:
D:1:      dpeg_arrival_caged_fury
D:2:      minivault_4, grunt_ministairs_9, serial_bayou_pond_a
D:3:      lemuel_coloured_pillars_altar, portal_sewer_entry_e, first_bread,
          grunt_dithmenos_smoke_and_mirrors

Action                   || total
-------------------------++-------
Melee: Mace              ||    33
       Short sword       ||     7
Throw: Large rock        ||     9
       Throwing net      ||     3
  Use: Potion            ||     1
